 Dungeon Crawl Stone Soup version 0.23.1 (webtiles) character file.

Game seed: 8310346877154962320

40 Borgoz the Skirmisher (level 3, -5/31 HPs)
             Began as a Ghoul Monk on Mar 18, 2019.
             Killed from afar by Natasha (6 damage)
             ... with a magic dart
             ... on level 2 of the Dungeon.
             The game lasted 00:02:12 (1161 turns).

Borgoz the Skirmisher (Ghoul Monk)                  Turns: 1161, Time: 00:02:13

Health: -5/31      AC:  3    Str: 14    XL:     3   Next: 50%
Magic:  2/2        EV: 13    Int:  5    God:
Gold:   87         SH:  0    Dex: 12    Spells: 2/2 levels left

rFire    . . .     SeeInvis .   a - +0 short sword
rCold    + . .     Gourm    .   (no shield)
rNeg     + + +     Faith    .   b - +0 robe
rPois    ∞         Spirit   .   (no helmet)
rElec    .         Reflect  .   (no cloak)
rCorr    .         Harm     .   (no gloves)
MR       .....                  f - +0 pair of boots (curse)
Stlth    ++........             (no amulet)
HPRegen  0.00/turn              (no ring)
MPRegen  0.08/turn              (no ring)

@: flying, rotting, slowed, very slow
A: rotting body, claws 1, carnivore, cold resistance 1, negative energy
resistance 3, inhibited regeneration, torment resistance, unbreathing
a: no special abilities


You were on level 2 of the Dungeon.
You were not hungry.

You visited 1 branch of the dungeon, and saw 2 of its levels.

You collected 87 gold pieces.

Inventory:

Hand Weapons
 a - a +0 short sword (weapon)
Armour
 b - a +0 robe (worn)
 f - a cursed +0 pair of boots (worn)
Scrolls
 d - a scroll of teleportation {unknown}
 g - a scroll of magic mapping {unknown}
 i - a scroll of remove curse {unknown}
 k - a scroll of fear {unknown}
 n - a scroll of blinking {unknown}
Potions
 h - a potion of haste
 j - a potion of agility
Comestibles
 c - 2 rations
 l - 6 chunks of flesh


   Skills:
 + Level 3.5 Fighting
 * Level 3.1 Short Blades
 * Level 1.0 Armour
 * Level 3.1 Dodging
 + Level 2.5 Stealth


You had 2 spell levels left.
You didn't know any spells.
Your spell library was empty.

Dungeon Overview and Level Annotations

Branches:
Dungeon (2/15)

Altars:
Okawaru

Annotations:
D:1 1 runed translucent door
D:2 Natasha


Innate Abilities, Weirdness & Mutations

Your body is rotting away.
You thrive on raw meat.
You are immune to poison.
You have sharp fingernails.
You are carnivorous and can eat meat at any time.
Your flesh is cold resistant. (rC+)
You are immune to negative energy. (rN+++)
You do not regenerate when monsters are visible.
You are immune to unholy pain and torment.
You can survive without breathing.


Message History

You hit Natasha.
Natasha is lightly wounded.
The shadow imp misses you. Natasha misses you.
The shadow imp barely misses you.
You miss Natasha.
Natasha is lightly wounded.
Natasha barely misses you.
The shadow imp hits you but does no damage.
Natasha closely misses you.
Some of the chunks of flesh in your inventory have rotted away.
You hit Natasha.
Natasha is moderately wounded.
The shadow imp barely misses you. Natasha claws you.
* * * LOW HITPOINT WARNING * * *
You hit Natasha.
Natasha is heavily wounded.
The shadow imp closely misses you. Natasha casts a spell at you.
The magic dart hits you.
You die...

#.# #.#
#.# ### #.
#.. #.#
#.# #.#
#h# #@#
####5###.#
#.......(#
#.#...####
#.#(......
#.#...####
#<#####
#.#
#######.##


You could see Natasha and a shadow imp.

Vanquished Creatures
  An adder (D:2)
  A ball python (D:1)
  A giant cockroach (D:2)
  3 goblins
  6 hobgoblins
  3 jackals (D:2)
  A quokka (D:2)
  3 bats (D:1)
  3 frilled lizards
  9 rats
31 creatures vanquished.

Notes
Turn   | Place    | Note
-------+----------+-------------------------------------------
     0 | D:1      | Borgoz the Ghoul Monk began the quest for the Orb.
     0 | D:1      | Reached XP level 1. HP: 19/19 MP: 0/0
     1 | D:1      | Found a runed translucent door.
   118 | D:1      | Reached XP level 2. HP: 17/26 MP: 1/1
   894 | D:2      | Reached skill level 1 in Armour
   894 | D:2      | Reached XP level 3. HP: 21/31 MP: 2/2
  1125 | D:2      | Found an iron altar of Okawaru.
  1147 | D:2      | Noticed Natasha
  1160 | D:2      | HP: 1/31 [Natasha (4)]
  1161 | D:2      | Killed from afar by Natasha

Skill      XL: |  1  2  3 |
---------------+----------+-----
Armour         | 1 |  1.0
Dodging        | 3 |  3.1
Short Blades   | 3 |  3.1
Fighting       | |  3.5
Stealth        | |  2.5

Action                   || total
-------------------------++-------
Melee: Short sword       ||   130
  Use: Potion            ||     5
 Stab: Sleeping          ||     5
  Eat: Chunk             ||     6
Armor: Robe              ||    32
Dodge: Dodged            ||    78
